 Dungeon Crawl Stone Soup version 0.20-a0-731-gecde0bf (webtiles) character file.

6075 Alarkh the Carver (level 10, 0/82 HPs)
             Began as a Mummy Monk on Feb 22, 2017.
             Was a High Priest of Okawaru.
             Slain by a water moccasin (1 damage)
             ... on level 7 of the Dungeon.
             The game lasted 00:17:46 (11413 turns).

Alarkh the Carver (Mummy Monk)                     Turns: 11413, Time: 00:17:46

Health: 0/82       AC:  5    Str: 15    XL:     10   Next: 57%
Magic:  9/13       EV: 21    Int: 13    God:    Okawaru [*****.]
Gold:   194        SH:  0    Dex: 18    Spells: 9/9 levels left

rFire    . . .     SeeInvis .   a - +1 long sword
rCold    + . .     Gourm    .   f - +1 robe of Listlessness {Dex+4}
rNeg     + + +     Faith    .   (no shield)
rPois    ∞         Spirit   .   (no helmet)
rElec    .         Reflect  .   (no cloak)
rCorr    .         Harm     .   x - +0 pair of gloves
MR       +....                  (no boots)
Stlth    ++++......             (no amulet)
Regen    0.3/turn               p - ring of protection from fire
MPRegen  0.2/turn               h - +1 ring of protection

@: heroism, very slightly contaminated
A: no food or potions, fire vulnerability, cold resistance 1, negative energy
resistance 3, torment resistance, unbreathing
a: Heroism, Finesse, Renounce Religion


You were on level 7 of the Dungeon.
You worshipped Okawaru.
Okawaru was extremely pleased with you.
You were not hungry.

You visited 2 branches of the dungeon, and saw 10 of its levels.

You collected 342 gold pieces.
You spent 148 gold pieces at shops.

Inventory:

Hand Weapons
 a - a +1 long sword (weapon)
 g - a +4 hand axe
 r - a +0 falchion
Armour
 b - a +0 robe
 f - the +1 robe of Listlessness (worn) {Dex+4}
   (You bought it in a shop on level 8 of the Dungeon)

   It affects your dexterity (+4).
 x - a +0 pair of gloves (worn)
Magical Staves
 A - an uncursed staff of air {unknown}
Jewellery
 h - a +1 ring of protection (left hand)
 j - the ring "Zobamin" {rPois Int+4, unknown}
   (You took it off a wight on level 8 of the Dungeon)

   [ring of poison resistance]

   It affects your intelligence (+4).
   It protects you from poison.
 k - an uncursed ring of magical power
 o - an uncursed ring of ice
 p - a ring of protection from fire (right hand)
Wands
 c - a wand of polymorph (0/24)
 i - a wand of lightning (0/15)
 q - a wand of random effects (0/48)
 s - a wand of scattershot (0/9)
 t - a wand of disintegration (0/24)
 u - a wand of digging (3/24)
 z - a wand of disintegration (0/24)
Scrolls
 d - 8 scrolls of remove curse
 l - a scroll of immolation
 n - a scroll of random uselessness {unknown}
 v - a scroll of enchant armour {unknown}
 w - 2 scrolls of amnesia {unknown}
 y - a scroll of magic mapping {unknown}
Books
 e - Sif Muna's Disquisition on Enchanting Transformation
   (You found it on level 8 of the Dungeon)

   Spells                             Type                      Level
   a - Confusing Touch                Hexes                        1
   b - Ice Form                       Ice/Transmutation            4
   c - Irradiate                      Conjuration/Transmutation    5
   d - Summon Mana Viper              Hexes/Summoning              5
   e - Blade Hands                    Transmutation                5


   Skills:
 + Level 8.4(13.4) Fighting
 * Level 9.4(14.4) Long Blades
 + Level 6.6(11.6) Dodging
 - Level 1.5(6.5) Stealth
 + Level 4.5 Invocations


You had 9 spell levels left.
You didn't know any spells.

Dungeon Overview and Level Annotations

Branches:
Dungeon (9/15)             Temple (1/1) D:4
   Lair: D:8-11         Orc: D:9-12

Altars:
Ashenzari
Cheibriados
Dithmenos
Elyvilon
Fedhas
Gozag
Hepliaklqana
Kikubaaqudgha
Makhleb
Nemelex Xobeh
Okawaru
Qazlal
Ru
Sif Muna
Trog
Uskayaw
Vehumet
Wu Jian
Xom
Yredelemnul
Zin
The Shining One

Shops:
D:8 [


Innate Abilities, Weirdness & Mutations

You do not eat or drink.
Your flesh is vulnerable to fire.
You are immune to poison.
Your flesh is cold resistant. (rC+)
You are immune to negative energy. (rN+++)
You are immune to unholy pain and torment.
You can survive without breathing.


Message History

You feel like a meek peon again. The hog completely misses you.
The hog bites you.
* * * LOW HITPOINT WARNING * * *
There is a stone staircase leading up here.
The hog misses you.
You riposte.
You hit the hog.
The hog is lightly wounded.
You climb upwards.
The water moccasin bites you.
* * * LOW HITPOINT WARNING * * *
The water moccasin closely misses you.
You riposte.
You slash the water moccasin!
The water moccasin is moderately wounded.
There is a stone staircase leading down here.
You gain the combat prowess of a mighty hero.
The water moccasin bites you.
* * * LOW HITPOINT WARNING * * *
The hog bites you.
* * * LOW HITPOINT WARNING * * *
The water moccasin bites you.
You die...

#....#..............#....#
#....#..............#....#
#######............##'####
......#............##....#
......#...).....<...)....#
......#...##.......##....#
......#...##.......##<...#
......#...'.....Sh.......#
......##'###....@........#
...........#.......##....#
...........#.......####+##
...........#.......##....#
...........#.............#
...........#.............#
#......>...#.......##....#
######.....##########....#
#....'..............#....#


You could see a hog and a water moccasin.

Vanquished Creatures
  A two-headed ogre (D:8)
  Pikel (D:4)
  A troll (D:7)
  Prince Ribbit (D:5)
  Sigmund (D:4)
  A redback (D:8)
  A yak (D:8)
  2 hogs (D:8)
  Menkaure (D:6)
  A soldier ant (D:7)
  An acid dragon (D:8)
  A black bear (D:7)
  2 orc warriors
  3 sky beasts
  4 ice beasts
  3 phantoms
  A slave (D:4)
  A necrophage (D:8)
  3 ogres
  A centaur (D:6)
  A crocodile (D:8)
  A big kobold (D:7)
  5 bullfrogs
  A gnoll sergeant (D:8)
  A wyvern skeleton (D:8)
  3 killer bees
  A scorpion (D:6)
  4 electric eels (D:8)
  A wight (D:8)
  4 crimson imps
  2 bullfrog zombies
  A centaur zombie (D:5)
  3 hounds
  A jelly (D:8)
  A bullfrog skeleton (D:7)
  5 orc wizards
  4 worker ants
  3 iguanas
  8 adders
  5 gnolls
  A howler monkey skeleton (D:6)
  An ooze (D:1)
  An adder zombie (D:8)
  An adder skeleton (D:6)
  3 worms
  A dart slug (D:2)
  4 leopard geckos
  14 orcs
  8 bats
  7 giant cockroaches
  13 goblins
  12 hobgoblins
  16 jackals
  8 kobolds
  2 quokkas
  2 ball pythons
  6 frilled lizards
  A leopard gecko skeleton (D:6)
  A quokka skeleton (D:5)
  A quokka zombie (D:6)
  2 rats
191 creatures vanquished.

Vanquished Creatures (others)
  An ogre (D:5)
  A worker ant (D:5)
  2 plants (D:8)
4 creatures vanquished.

Grand Total: 195 creatures vanquished

Notes
Turn   | Place    | Note
-------+----------+-------------------------------------------
     0 | D:1      | Alarkh the Mummy Monk began the quest for the Orb.
     0 | D:1      | Reached XP level 1. HP: 18/18 MP: 1/1
   104 | D:1      | Reached XP level 2. HP: 16/24 MP: 2/2
   783 | D:2      | Reached XP level 3. HP: 17/29 MP: 3/3
   861 | D:2      | Reached skill level 3 in Long Blades
  1417 | D:2      | Found a shimmering altar of Xom.
  1421 | D:2      | Found a hazy altar of Hepliaklqana.
  1421 | D:2      | Found a hide-covered altar of Uskayaw.
  1432 | D:2      | Found a snail-covered altar of Cheibriados.
  1436 | D:2      | Found an ancient bone altar of Kikubaaqudgha.
  1567 | D:2      | Reached XP level 4. HP: 35/37 MP: 4/4
  2510 | D:4      | Reached XP level 5. HP: 42/42 MP: 5/5
  2763 | D:4      | Reached skill level 4 in Long Blades
  2786 | D:4      | Noticed Sigmund
  2787 | D:4      | Found a staircase to the Ecumenical Temple.
  2831 | Temple   | Entered the Ecumenical Temple
  2983 | Temple   | Became a worshipper of Warmaster Okawaru
  2983 | Temple   | Reached * piety under Okawaru
  2983 | Temple   | Reached ** piety under Okawaru
  3090 | D:4      | Reached XP level 6. HP: 28/49 MP: 6/6
  3501 | D:4      | Killed Sigmund
  3597 | D:5      | Entered Level 5 of the Dungeon
  3597 | D:5      | Noticed an ice beast
  3617 | D:5      | Noticed Prince Ribbit
  3623 | D:5      | Killed an ice beast
  3623 | D:5      | Reached skill level 5 in Fighting
  3623 | D:5      | Reached skill level 5 in Long Blades
  3623 | D:5      | Reached XP level 7. HP: 15/56 MP: 7/7
  3635 | D:5      | Noticed Pikel
  3928 | D:4      | Killed Pikel
  3928 | D:4      | Reached *** piety under Okawaru
  4240 | D:4      | Reached XP level 8. HP: 40/64 MP: 8/8
  4413 | D:5      | Killed Prince Ribbit
  4413 | D:5      | Reached skill level 6 in Long Blades
  5630 | D:5      | Reached **** piety under Okawaru
  5630 | D:5      | Reached skill level 7 in Long Blades
  5630 | D:5      | Reached skill level 5 in Dodging
  6234 | D:6      | Reached skill level 1 in Invocations
  6234 | D:6      | Reached XP level 9. HP: 32/71 MP: 9/9
  6452 | D:6      | Noticed Menkaure
  6466 | D:6      | Killed Menkaure
  6691 | D:6      | Found a deep blue altar of Sif Muna.
  7425 | D:7      | Noticed a troll
  7434 | D:7      | Killed a troll
  7669 | D:7      | Reached skill level 8 in Long Blades
  8268 | D:8      | Reached ***** piety under Okawaru
  8741 | D:8      | Found Yfehicw's Antique Armour Emporium.
  8749 | D:8      | Bought a silken robe for 148 gold pieces
  8759 | D:8      | Identified the +1 robe of Listlessness {Dex+4} (You bought it in a shop on level 8 of the Dungeon)
  9153 | D:8      | Noticed a two-headed ogre
  9695 | D:7      | Reached XP level 10. HP: 76/80 MP: 12/12
  9743 | D:8      | Received a gift from Okawaru
  9765 | D:8      | Noticed a two-headed ogre
  9786 | D:8      | Killed a two-headed ogre
  9786 | D:8      | Received a gift from Okawaru
 10071 | D:8      | Reached skill level 9 in Long Blades
 10569 | D:8      | Identified Sif Muna's Disquisition on Enchanting Transformation
 10904 | D:8      | Noticed a two-headed ogre
 10917 | D:8      | HP: 2/80 [two-headed ogre/giant club (26)]
 11285 | D:8      | Got a fine silver ring
 11322 | D:8      | a two-headed ogre changed into a redback
 11412 | D:7      | HP: 3/82 [water moccasin (4)]
 11413 | D:7      | HP: 1/82 [hog (1)]
 11413 | D:7      | Slain by a water moccasin

Vault maps used:
D:1:      lemuel_arrival_broad_hall, grunt_decor_mini_mirrors,
          kennysheep_nondescript
D:2:      minmay_overflow_temple_star_hex, minmay_quantized
D:3:      first_bread
D:4:      wad_crossroads, minmay_temple_entry_statues_fountains, uniq_sigmund
D:5:      eino_small_chamber_without_monster, uniq_prince_ribbit1, uniq_pikel
D:6:      basic_altar, uniq_menkaure
D:8:      lemuel_blue_sif_altar, serial_bayou, serial_bayou_ford_a,
          serial_bayou_pond_d, serial_bayou_shore_a, serial_bayou_crossing,
          serial_shops, shop, grunt_livestock, minmay_pinched_square
D:9:      serial_shops, shop
Temple:   nicolae_temple_x_marks_the_god

Skill      XL: |  1  2  3  4  5  6  7  8  9 10 |
---------------+-------------------------------+-----
Long Blades    | 3 4 5 7 8 9 |  9.4
Fighting       | 4 5 6 7 8 |  8.4
Dodging        | 3 4 5 6 |  6.6
Invocations    | 1 3 4 |  4.5
Stealth        | |  1.5

Action                   |  1- 3 |  4- 6 |  7- 9 | 10-12 || total
-------------------------+-------+-------+-------+-------++-------
Melee: Falchion          |    34 |       |       |       ||    34
       Hand axe          |    95 |   153 |    29 |       ||   277
       Long sword        |       |       |   341 |   186 ||   527
       Punch             |       |       |     4 |     5 ||     9
Invok: Heroism           |       |     1 |    13 |     7 ||    21
       Finesse           |       |       |       |     1 ||     1
Evoke: Wand              |       |     3 |    44 |     5 ||    52
  Use: Scroll            |     1 |     5 |    10 |     2 ||    18
 Stab: Sleeping          |     5 |     5 |     2 |       ||    12
       Distracted        |       |       |       |     2 ||     2
Armor: Robe              |    34 |    46 |    40 |    19 ||   139
Dodge: Dodged            |    98 |   134 |   296 |   129 ||   657
       Rpst.: Falchion   |    13 |       |       |       ||    13
       Long sword        |       |       |    69 |    42 ||   111
